 Dungeon Crawl Stone Soup version 0.27-a0-1184-ge86db4a01e (webtiles) character file.

Game seed: 16388067728390896856

524 bisexualwizard the Cudgeller (level 7, -4/41 HPs)
             Began as a Gargoyle Gladiator on May 19, 2021.
             Was an Initiate of Yredelemnul.
             Slain by an ogre
             ... wielding a +0 giant spiked club
              (14 damage)
             ... on level 5 of the Dungeon.
             The game lasted 00:07:19 (3936 turns).

bisexualwizard the Cudgeller (Gargoyle Gladiator)   Turns: 3936, Time: 00:07:19

Health: -4/41      AC: 12    Str: 20    XL:     7   Next: 22%
Magic:  7/7        EV: 10    Int:  8    God:    Yredelemnul [......]
Gold:   159        SH:  0    Dex: 11    Spells: 6/6 levels left

rFire    . . .     SeeInvis .   r - +1 flail (vorpal)
rCold    . . .     Faith    .   (no shield)
rNeg     + . .     Spirit   .   f - +0 scale mail
rPois    ∞         Reflect  .   c - +0 helmet
rElec    +         Harm     .   (no cloak)
rCorr    .         Rampage  .   (no gloves)
Will     .....                  (no boots)
Stlth    ..........             (no amulet)
HPRegen  0.13/turn              (no ring)
MPRegen  0.10/turn              (no ring)

@: no status effects
A: sickness immunity, AC +4, negative energy resistance 1, electricity
resistance, torment resistance 1, petrification resistance
a: Renounce Religion


You were on level 5 of the Dungeon.
You worshipped Yredelemnul.
Yredelemnul was noncommittal.
You visited 1 branch of the dungeon, and saw 5 of its levels.

You collected 159 gold pieces.

Inventory:

Hand Weapons
 a - a +0 flail
 r - a +1 vorpal flail (weapon)
Missiles
 d - 3 throwing nets (quivered)
 j - 3 boomerangs
Armour
 b - a +0 leather armour
 c - a +0 helmet (worn)
 e - a +0 plate armour
 f - a +0 scale mail (worn)
Wands
 l - a wand of mindburst (9)
 o - a wand of iceblast (7)
Scrolls
 k - 3 scrolls of identify {unknown}
 m - a scroll of amnesia {unknown}
 n - a scroll of enchant armour {unknown}
 p - a scroll of blinking {unknown}
 q - a scroll of vulnerability {unknown}
 s - a scroll of holy word {unknown}
 t - a scroll of teleportation {unknown}
Potions
 g - a potion of curing
 h - a potion of invisibility {unknown}
 i - 2 potions of lignification {unknown}
 u - a potion of brilliance {unknown}


   Skills:
 + Level 3.3 Fighting
 * Level 7.0 Maces & Flails
 - Level 1.7 Throwing
 - Level 1.8 Armour
 + Level 3.1 Dodging
 - Level 0.2 Stealth


You had 6 spell levels left.
You didn't know any spells.
Your spell library contained the following spells:

 Spells                   Type           Power      Damage    Failure   Level
 Beastly Appendage        Tmut           0%         N/A       77%         1
 Wereblood                Tmut           0%         N/A       88%         2
 Spider Form              Tmut/Pois      0%         N/A       98%         3
 Ice Form                 Ice/Tmut       0%         N/A       100%        4
 Hydra Form               Tmut           0%         N/A       100%        5


Dungeon Overview and Level Annotations

Branches:
Dungeon (5/15)             Temple (0/1) D:5

Altars:
Cheibriados
Fedhas
Yredelemnul

Annotations:
D:3 Grinder, Terence


Innate Abilities, Weirdness & Mutations

You are immune to sickness and miasma.
Your stone body is resilient. (AC +4)
You are immune to poison.
You resist negative energy. (rN+)
You are resistant to electric shocks. (rElec)
You are resistant to unholy torment.
You are immune to petrification.


Message History

The adder bites you. The adder closely misses you.
You sock the adder!
You kill the adder!
Yredelemnul accepts your kill.
Your Maces & Flails skill increases to level 7!
No target in view!
No target in view!
The frilled lizard hisses angrily.
The frilled lizard unfolds its giant frill.
An ogre comes into view. It is wielding a +0 giant spiked club.
The ogre shouts!
Found a club.
Aiming: Iceblast
Press: ? - help, Shift-Dir - straight line, f - ogre
Aim: an ogre, wielding a +0 giant spiked club The mass of ice explodes!
The iceblast engulfs the ogre!
The ogre is heavily wounded.
The ogre hits you with a +0 giant spiked club!
You hit the ogre.
The ogre is severely wounded.
The ogre completely misses you.
You hit the ogre.
The ogre is almost dead.
The ogre barely misses you.
You barely miss the ogre.
The ogre is almost dead.
The ogre completely misses you.
You barely miss the ogre.
The ogre is almost dead.
The frilled lizard hisses.
You hit the ogre.
The ogre is almost dead.
The ogre hits you with a +0 giant spiked club!!
Ouch! That really hurt!
* * * LOW HITPOINT WARNING * * *
You barely miss the ogre.
The ogre is almost dead.
The ogre hits you with a +0 giant spiked club!
You die...
Your body rises from the dead as a mindless zombie.

# ##### #....# ....#
....# ###########
...### #
##.≈≈.≈####..#.# #
##.≈....≈##..... #
#.≈≈.≈.≈lb#.#.##
#############....######
...............O@.....#
..###########.#######.#
.[#≈≈≈≈.≈≈bl#.#
..##≈≈≈≈..≈##..
..###≈≈≈≈.###.## ..#
####### #.# ### ..# .
... ..)


You could see an ogre.

Vanquished Creatures
  Menkaure (D:4)
  A scorpion (D:5)
  A water moccasin zombie (D:3)
  A hound (D:5)
  An orc priest (D:3)
  2 hound skeletons (D:4)
  A howler monkey zombie (D:5)
  4 gnolls (D:4)
  A howler monkey skeleton (D:4)
  8 adders
  An adder skeleton (D:4)
  2 dart slugs
  2 orcs (D:3)
  7 ball pythons
  8 endoplasms
  4 giant cockroaches
  7 goblins
  6 hobgoblins
  3 kobolds
  5 quokkas
  5 bats
  2 frilled lizards
  2 rats
75 creatures vanquished.

Vanquished Creatures (others)
  10 fungi (D:5)
  5 plants
15 creatures vanquished.

Grand Total: 90 creatures vanquished

Notes
Turn   | Place    | Note
-------+----------+-------------------------------------------
     0 | D:1      | bisexualwizard the Gargoyle Gladiator began the quest for
                  | the Orb.
     0 | D:1      | Reached XP level 1. HP: 12/12 MP: 1/1
   224 | D:1      | Reached XP level 2. HP: 15/17 MP: 2/2
   294 | D:1      | Found a faded altar of an unknown god.
   716 | D:2      | Reached XP level 3. HP: 17/22 MP: 3/3
   962 | D:2      | Reached skill level 4 in Maces & Flails
  1159 | D:2      | Reached XP level 4. HP: 23/27 MP: 4/4
  1946 | D:3      | Found a blossoming altar of Fedhas.
  1970 | D:3      | Reached skill level 1 in Armour
  1978 | D:3      | Reached XP level 5. HP: 26/31 MP: 5/5
  2286 | D:3      | Reached skill level 5 in Maces & Flails
  2482 | D:3      | Noticed Grinder
  2483 | D:3      | Noticed Terence
  2860 | D:4      | Reached XP level 6. HP: 32/36 MP: 6/6
  2910 | D:4      | Found a basalt altar of Yredelemnul.
  2910 | D:4      | Found a snail-covered altar of Cheibriados.
  2914 | D:4      | Became a worshipper of Yredelemnul the Dark
  3572 | D:5      | Entered Level 5 of the Dungeon
  3572 | D:5      | Noticed Menkaure
  3586 | D:4      | Killed Menkaure
  3587 | D:4      | Reached skill level 6 in Maces & Flails
  3793 | D:5      | Reached XP level 7. HP: 39/41 MP: 7/7
  3818 | D:5      | Found a staircase to the Ecumenical Temple.
  3906 | D:5      | Reached skill level 7 in Maces & Flails
  3936 | D:5      | Slain by an ogre

Illustrated notes

Levels and vault maps discovered:
D:1:      lightli_arrival_statue_moat, layout_rooms,
          shapermc_ecumenical_altar_mp_ritualfount, minmay_misc_feat_rows
D:2:      layout_loops_ring, chequers_serial_rivers_micro_a, serial_bayou_pond_e
D:3:      layout_basic, fedhas_altar_1, kennysheep_big_empty_room,
          hangedman_abyss_or_decor_stabs, chequers_serial_rivers_micro_a,
          uniq_terence, uniq_grinder
D:4:      layout_rooms, gammafunk_temple_overflow_elements,
          serial_bayou_lagoon_b
D:5:      layout_rooms, nicolae_hepliaklqana_monster_ancestors,
          lemuel_round_altar, minmay_temple_entry_ruins, serial_aquarium,
          aquarium_bridge_square [aquarium_subvault_wall,
          aquarium_subvault_bridge, aquarium_subvault_wall,
          aquarium_subvault_bridge], aquarium_window_1, aquarium_window_2,
          aquarium_view_2d, aquarium_view_2b, aquarium_balcony_3b,
          aquarium_pool_five, uniq_menkaure

Skill      XL: |  1  2  3  4  5  6  7 |
---------------+----------------------+-----
Maces & Flails | 4 5 6 7 |  7.0
Armour         | 1 |  1.8
Dodging        | 3 |  3.1
Fighting       | 3 |  3.3
Throwing       | |  1.7
Stealth        | |  0.2

Action                   |  1- 3 |  4- 6 |  7- 9 || total
-------------------------+-------+-------+-------++-------
Melee: Flail             |    64 |   217 |    26 ||   307
Evoke: Wand              |       |     1 |     1 ||     2
  Use: Potion            |       |     1 |       ||     1
Armor: Scale mail        |    31 |   158 |    13 ||   202
       Leather armour    |     3 |       |       ||     3
Dodge: Dodged            |    46 |   145 |     9 ||   200

Table legend: (Time is in decaauts)
 A = Elapsed time spent in this place.
 B = Non-inter-level travel time spent in this place.
 C = Inter-level travel time spent in this place.
 D = Time resting spent in this place.
 E = Time spent auto-exploring this place.
 F = Levels seen in this place.
 G = Mean time per level.
                   A        B        C        D        E       F      G
               +--------+--------+--------+--------+--------+-----+--------+
         Total |   4007 |   3944 |     63 |   1006 |   2226 |   5 |  801.4 |
       Dungeon |   4007 |   3944 |     63 |   1006 |   2226 |   5 |  801.4 |
               +--------+--------+--------+--------+--------+-----+--------+

Top non-repeatable levels by time:
     D:4: 1307 daAuts
     D:2: 957 daAuts
     D:3: 857 daAuts
     D:1: 713 daAuts
     D:5: 170 daAuts
